 Dungeon Crawl Stone Soup version 0.30-a0-390-g80c34de65d (webtiles) character file.

Game seed: 5852331067272387816

68 benadryl the Conjurer (level 4, -5/41 HPs)
             Began as a Troll Conjurer on Dec 4, 2022.
             Slain by Natasha (8 damage)
             ... on level 2 of the Dungeon.
             The game lasted 00:01:15 (1010 turns).

benadryl the Conjurer (Troll Conjurer)              Turns: 1010, Time: 00:01:16

Health: -5/41      AC:  4    Str: 15    XL:     4   Next: 1%
Magic:  4/4        EV:  9    Int: 16    God:
Gold:   74         SH:  0    Dex:  8    Spells: 4/5 levels left

rFire   . . .      SeeInvis .      - Unarmed
rCold   . . .      Faith    .    (no shield)
rNeg    . . .      Spirit   .    a - +0 robe
rPois   .          Reflect  .    (helmet restricted)
rElec   .          Harm     .    (no cloak)
rCorr   .          Rampage  .    (gloves unavailable)
Will    .....                    (boots unavailable)
Stlth   +.........               (no amulet)
HPRegen 1.06/turn                (no ring)
MPRegen 0.09/turn                (no ring)

@: mighty
A: large, unfitting armour, claws 3, regeneration 1, shaggy fur 1, tough skin 1
a: no special abilities


You were on level 2 of the Dungeon.
You visited 1 branch of the dungeon, and saw 2 of its levels.

You collected 74 gold pieces.

Inventory:

Armour
 a - a +0 robe (worn)
Scrolls
 c - a scroll of fear {unknown}
 d - a scroll of teleportation {unknown}
 i - a scroll of identify {unknown}
Potions
 b - a potion of magic
 e - a potion of might
 f - a potion of brilliance {unknown}
 g - 3 potions of curing {unknown}


   Skills:
 + Level 1.5 Fighting
 - Level 1.5 Dodging
 - Level 1.0 Stealth
 * Level 2.9 Unarmed Combat
 - Level 1.2 Spellcasting
 - Level 2.9 Conjurations


You had 4 spell levels left.
You knew the following spells:

 Your Spells              Type           Power      Damage    Failure   Level
a - Magic Dart            Conj           40%        1d5       7%          1

Your spell library contained the following spells:

 Spells                   Type           Power      Damage    Failure   Level
 Searing Ray              Conj           20%        2d5       10%         2
 Dazzling Flash           Conj/Hex       10%        N/A       36%         3
 Fulminant Prism          Conj/Hex       2%         3d5       77%         4
 Iskenderun's Mystic Bla  Conj/Tloc      5%         2d3       77%         4


Dungeon Overview and Level Annotations

Branches:
Dungeon (2/15)

Altars:
Uskayaw

Annotations:
D:2 Natasha, Sigmund


Innate Abilities, Weirdness & Mutations

You are too large for most types of armour.
You have claws for hands.
Your natural rate of healing is unusually fast.
You are covered in fur. (AC +1)
You have tough skin. (AC +1)


Message History

No target in view!
No target in view!
Sigmund the Dreaded comes into view.
He is wielding a +0 scythe.
Marking area around Sigmund as unsafe for travelling.
Found a hide-covered altar of Uskayaw.
Sigmund shouts!
Natasha, Servant of Life and Death comes into view.
Sigmund hits you from afar with a +0 scythe!
Natasha stares at you and mumbles some strange words.
The magic dart hits you. Sigmund hits you with a +0 scythe.
Okay, then.
You closely miss Sigmund. You scratch Sigmund.
Sigmund is lightly wounded.
A ball python comes into view.
Sigmund hits you with a +0 scythe!
You closely miss Sigmund.
Sigmund is lightly wounded.
The ball python hisses angrily.
Natasha mumbles some strange words.
Sigmund mumbles some strange words.
Sigmund flickers and vanishes!
Deactivating autopickup; reactivate with Ctrl-A.
You claw something!
Natasha wildly gestures.
You feel troubled. Natasha claws you.
It was a potion of might.
You feel very mighty all of a sudden. Something hits you!
* * * LOW HITPOINT WARNING * * *
Natasha claws you.
* * * LOW HITPOINT WARNING * * *
As you read the scroll labelled JAIKLE HAUTI, it crumbles to dust.
It is a scroll of enchant weapon.
You aren't carrying any weapons that can be enchanted.
Something hits you.
* * * LOW HITPOINT WARNING * * *
Natasha claws you!
You die...

..# ########
#.##########......#
#.........##......#
#########.........###
###.......#.#
##†.......# ####
#........# ...#
###......### ##....
........@.# .....#
.)..#...5h{...# #....
....#...S..#.## ##.#
._. ###..### # .
....# ...# ....#>..##
#..>#..# ......###
####........


You could see Natasha, a shadow imp (summoned) and a ball python.

Vanquished Creatures
  Natasha (D:2)
  A worm (D:2)
  5 endoplasms
  3 giant cockroaches
  5 hobgoblins
  3 jackals (D:1)
  5 ball pythons
  4 bats
  2 frilled lizards (D:1)
  3 goblins (D:1)
  3 kobolds
  4 rats
39 creatures vanquished.

Vanquished Creatures (others)
  3 plants (D:1)
3 creatures vanquished.

Grand Total: 42 creatures vanquished

Notes
Turn   | Place    | Note
-------+----------+-------------------------------------------
     0 | D:1      | benadryl the Troll Conjurer began the quest for the Orb.
     0 | D:1      | Reached XP level 1. HP: 16/16 MP: 1/1
   148 | D:1      | Reached skill level 1 in Unarmed Combat
   223 | D:1      | Reached XP level 2. HP: 17/26 MP: 0/2
   613 | D:1      | Reached skill level 1 in Fighting
   747 | D:2      | Noticed Natasha
   750 | D:2      | Killed Natasha
   751 | D:2      | Reached XP level 3. HP: 31/33 MP: 3/3
   776 | D:2      | Found a faded altar of an unknown god.
   964 | D:2      | Reached XP level 4. HP: 36/41 MP: 4/4
  1000 | D:2      | Noticed Sigmund
  1001 | D:2      | Found a hide-covered altar of Uskayaw.
  1002 | D:2      | Noticed Natasha
  1010 | D:2      | Slain by Natasha

Illustrated notes

Levels and vault maps discovered:
D:1:      minmay_arrival_shattered_statue, layout_loops_cross,
          serial_bayou_lake_a
D:2:      layout_rooms, basic_altar, basic_ecumenical_altar, uniq_sigmund,
          uniq_natasha

Skill      XL: |  1  2 |
---------------+-------+-----
Unarmed Combat | 1 2 |  2.9
Fighting       | 1 |  1.5
Dodging        | |  1.5
Stealth        | |  1.0
Spellcasting   | |  1.2
Conjurations   | |  2.9

Action                   |  1- 3 |  4- 6 || total
-------------------------+-------+-------++-------
Melee: Unarmed           |   105 |     5 ||   110
       Punch             |     3 |       ||     3
 Cast: Magic Dart        |     1 |       ||     1
  Use: Scroll            |       |     1 ||     1
       Potion            |       |     1 ||     1
 Stab: Sleeping          |     2 |       ||     2
Armor: Robe              |    32 |       ||    32
Dodge: Dodged            |    39 |       ||    39

Table legend: (Time is in decaauts)
 A = Elapsed time spent in this place.
 B = Non-inter-level travel time spent in this place.
 C = Inter-level travel time spent in this place.
 D = Time resting spent in this place.
 E = Time spent auto-exploring this place.
 F = Levels seen in this place.
 G = Mean time per level.
                   A        B        C        D        E       F      G
               +--------+--------+--------+--------+--------+-----+--------+
         Total |   1042 |   1009 |     33 |     26 |    748 |   2 |  521.0 |
       Dungeon |   1042 |   1009 |     33 |     26 |    748 |   2 |  521.0 |
               +--------+--------+--------+--------+--------+-----+--------+

Top non-repeatable levels by time:
     D:1: 781 daAuts
     D:2: 261 daAuts
